 Dungeon Crawl Stone Soup version 0.28.0-53-g5a82cb258f (webtiles) character file.

Game seed: 16491547857055783327

16 H0rd4k the Charlatan (level 2, 0/21 HPs)
             Began as a Human Artificer on Aug 11, 2022.
             Slain by a hobgoblin (4 damage)
             ... on level 1 of the Dungeon.
             The game lasted 00:00:32 (890 turns).

H0rd4k the Charlatan (Human Artificer)               Turns: 890, Time: 00:00:32

Health: 0/21       AC:  3    Str: 12    XL:     2   Next: 70%
Magic:  2/2        EV: 11    Int: 11    God:
Gold:   15         SH:  0    Dex: 13    Spells: 1/1 levels left

rFire   . . .      SeeInvis .   a - +0 club
rCold   . . .      Faith    .   (no shield)
rNeg    . . .      Spirit   .   b - +0 leather armour
rPois   .          Reflect  .   (no helmet)
rElec   .          Harm     .   (no cloak)
rCorr   .          Rampage  .   (no gloves)
Will    .....                   (no boots)
Stlth   +.........              (no amulet)
HPRegen 0.07/turn               (no ring)
MPRegen 0.08/turn               (no ring)

@: no status effects
A: no striking features
a: no special abilities


You were on level 1 of the Dungeon.
You visited 1 branch of the dungeon, and saw 1 of its levels.

You collected 15 gold pieces.

Inventory:

Hand Weapons
 a - a +0 club (weapon)
Armour
 b - a +0 leather armour (worn)
Wands
 c - a wand of flame (12) (quivered)
 d - a wand of charming (15)
Potions
 f - a potion of flight {unknown}
Miscellaneous
 e - a piece from Xom's chessboard (15/15)


   Skills:
 + Level 1.1 Fighting
 + Level 0.2 Maces & Flails
 - Level 2.0 Armour
 + Level 1.1 Dodging
 - Level 1.0 Stealth
 + Level 3.7 Evocations


You had one spell level left.
You didn't know any spells.
Your spell library contained the following spells:

 Spells                   Type           Power      Damage    Failure   Level
 Freeze                   Ice            0%         1d3       41%         1


Dungeon Overview and Level Annotations

Branches:
Dungeon (1/15)

Altars:


Message History

The bat barely misses you.
You barely miss the bat. The bat closely misses you. The bat hits you.
You hit the bat but do no damage. The bat hits you but does no damage. x2
You miss the bat. The bat hits you but does no damage. x2
You hit the bat but do no damage. The bat barely misses you. x2
You closely miss the bat. The bat barely misses you. x2
The bat closely misses you.
You completely miss the bat. The bat hits you but does no damage.
The bat closely misses you.
You hit the bat.
The bat is severely wounded.
The bat hits you but does no damage. The bat hits you.
You barely miss the bat.
The bat is severely wounded.
The bat closely misses you. The bat barely misses you. The bat hits you.
You closely miss the bat.
The bat is severely wounded.
The bat misses you. The bat hits you but does no damage.
You hit the bat.
You kill the bat!
You closely miss the quokka. The quokka bites you.
* * * LOW HITPOINT WARNING * * *
The quokka misses you.
Aiming: Throw Flame
Press: ? - help, Shift-Dir - straight line, f - quokka
Aim: a quokka (60% to hit)
The puff of flame hits the quokka!
You kill the quokka!
Unknown command.
Aiming: Throw Flame
Press: ? - help, Shift-Dir - straight line, f - hobgoblin
Aim: a hobgoblin (71% to hit)
The puff of flame hits the hobgoblin.
The hobgoblin is heavily wounded.
The hobgoblin barely misses you.
Unknown command.
You hit the hobgoblin but do no damage.
The hobgoblin is heavily wounded.
The hobgoblin hits you.
You die...

#.# #.# .. ..# .###
..# #..$ ..# #... #.#
#... #># #...
###########...#######
......(...+...'g@...#
....#######...#####.#
#.........#... #.#
#.#.#...#.#... #.#
#.#)#.#.#.#### #.#
#.#.#.#.#.# #.#
..#.#.#.#.# #.#
###.#.#.#.# #.#
#.#.#.#.# #.#


You could see a hobgoblin.

Vanquished Creatures
  A ball python (D:1)
  A giant cockroach (D:1)
  2 goblins (D:1)
  A quokka (D:1)
  A bat (D:1)
  7 kobolds (D:1)
  2 rats (D:1)
15 creatures vanquished.

Notes
Turn   | Place    | Note
-------+----------+-------------------------------------------
     0 | D:1      | H0rd4k the Human Artificer began the quest for the Orb.
     0 | D:1      | Reached XP level 1. HP: 15/15 MP: 1/1
    35 | D:1      | Found a faded altar of an unknown god.
   181 | D:1      | Got Plato's Incunabulum of Snow
   207 | D:1      | Reached XP level 2. HP: 13/21 MP: 2/2
   890 | D:1      | Slain by a hobgoblin

Illustrated notes

Levels and vault maps discovered:
D:1:      tarquinn_simple_flora_water_a, layout_basic,
          shapermc_ecumenical_altar_rom_forum, lexackson_kobold_supper

Action                   || total
-------------------------++-------
Melee: Club              ||    77
Evoke: Wand              ||     3
Armor: Leather armour    ||    33
Dodge: Dodged            ||    60
